Map: Ruins of Endion

Players

Ømega

  • Race: Protoss Protoss
  • League: Bronze

VoiVoD - Winner!

  • Race: Terran Terran
  • League: Silver

VOD

Have the link to the VOD?

Description

Time

  • Played on: April 14, 2016, 12:18 p.m.
  • Length: 15:10
Show
View Real Time Build Order
Export as new Build Order

Ømega Protoss 

Build Orders: 1 Gate Expand 

Get SALT Encoding   

  12  0:01  Probe (Chrono Boost)  
  13  0:11  Probe (Chrono Boost)  
  14  0:19  Pylon  
  14  0:22  Probe (Chrono Boost)  
  15  0:37  Probe (Chrono Boost)  
  15  0:39  Gateway  
  16  0:48  Probe (Chrono Boost)  
  17  0:58  Assimilator, Probe (Chrono Boost)  
  18  1:09  Probe (Chrono Boost)  
  19  1:19  Probe (Chrono Boost)  
  20  1:31  Nexus  
  20  1:34  Probe (Chrono Boost)  
  21  1:45  Probe (Chrono Boost)  
  22  1:47  Cybernetics Core  
  22  1:56  Pylon  
  22  1:59  Probe (Chrono Boost)  
  23  2:11  Gateway  
  23  2:14  Probe (Chrono Boost)  
  24  2:16  Assimilator  
  24  2:25  Probe (Chrono Boost)  
  25  2:35  Warp Gate  
  25  2:36  Mothership Core (Chrono Boost)  
  27  2:44  Probe (Chrono Boost)  
  28  2:54  Probe (Chrono Boost), Pylon  
  28  2:55  Probe (Chrono Boost)  
  30  2:58  Assimilator  
  30  3:04  Adept (Chrono Boost), Probe (Chrono Boost)  
  30  3:05  Probe (Chrono Boost)  
  34  3:08  Adept (Chrono Boost)  
  36  3:16  Probe x2  
  38  3:23  Stargate  
  38  3:28  Probe  
  38  3:32  Probe  
  40  3:40  Probe  
  41  3:44  Probe  
  42  3:52  Probe  
  43  3:56  Probe  
  43  3:59  Gateway x2  
  43  4:01  Twilight Council  
  42  4:04  Probe  
  42  4:08  Probe  
  44  4:16  Probe  
  45  4:18  Assimilator  
  45  4:20  Probe  
  46  4:24  Pylon  
  46  4:27  Pylon  
  46  4:28  Adept x2 (Chrono Boost)  
  46  4:29  Probe  
  51  4:37  Robotics Facility  
  48  4:48  Probe x2  
  48  4:49  Forge  
  50  5:00  Probe  
  50  5:01  Oracle  
  50  5:06  Probe (Chrono Boost)  
  52  5:12  Probe (Chrono Boost)  
  52  5:14  Resonating Glaives (Chrono Boost)  
  53  5:20  Probe (Chrono Boost)  
  54  5:29  Photon Cannon, Probe (Chrono Boost)  
  54  5:31  Probe (Chrono Boost)  
  54  5:34  Warp Prism (Chrono Boost)  
  55  5:39  Protoss Ground Weapons Level 1 (Chrono Boost)  
  55  5:40  Probe  
  38  5:50  Stalker x3  
  38  6:24  Probe x2  
  40  6:36  Probe x2  
  40  6:48  Probe x2  
  40  7:07  Stalker x2  
  41  7:32  Probe x2  
  43  7:44  Probe x2  
  44  7:56  Probe  
  44  7:57  Probe  
  35  8:20  Stalker  
  35  8:22  Stalker  
  39  8:31  Pylon  
  28  8:42  Stalker  
  28  8:43  Stalker  
  28  8:44  Stalker  
  32  8:50  Probe x2  
  34  9:02  Probe x2  
  36  9:27  Adept x2  
  36  9:28  Adept x2  
  36  9:30  Probe  
  36  9:31  Probe  
  46  9:43  Probe  
  45  9:47  Probe  
  44  9:55  Probe  
  44  9:59  Probe  
  47  10:07  Probe  
  47  10:11  Probe  
  47  10:13  Adept x2  
  52  10:19  Probe  
  51  10:23  Probe  
  46  10:31  Probe  
  45  10:35  Probe  
  44  10:43  Probe  
  44  10:45  Photon Cannon  
  44  10:46  Photon Cannon  
  45  10:50  Photon Cannon  
  39  11:16  Protoss Ground Weapons Level 2 (Chrono Boost)  
  39  11:21  Probe x2  
  41  11:27  Photon Cannon  
  41  11:43  Nexus  
  41  11:44  Pylon  
  41  11:46  Probe  
  41  11:47  Probe  
  43  11:48  Pylon  
  38  11:59  Probe  
  36  12:15  Photon Cannon  
  36  12:18  Probe x2  
  36  12:19  Photon Cannon  
  36  12:20  Assimilator  
  38  12:28  Photon Cannon  
  38  12:30  Probe x2  
  40  12:42  Probe x2  
  42  12:54  Probe  
  42  12:55  Probe x2  
  41  13:07  Probe  
  41  13:08  Probe  
  41  13:10  Probe  
  44  13:19  Probe  
  43  13:22  Probe  
  43  13:25  Pylon  
  44  13:28  Pylon  
  44  13:29  Adept x2  
  44  13:30  Adept  
  38  13:41  Adept  
  39  13:56  Adept  
  39  13:57  Adept x2  
  45  14:10  Adept  
  47  14:25  Adept  
  47  14:26  Adept x2  
  53  14:48  Robotics Bay  
Show
View Real Time Build Order
Export as new Build Order

VoiVoD Terran - Winner!

Build Orders: Liberator Opening 

Get SALT Encoding   

  12  0:01  SCV  
  13  0:15  Supply Depot  
  13  0:23  Refinery  
  13  0:26  SCV  
  14  0:39  Supply Depot  
  14  0:41  SCV  
  15  0:53  SCV  
  16  1:01  Barracks  
  16  1:05  SCV  
  17  1:17  SCV  
  18  1:23  Refinery  
  18  1:29  SCV  
  19  1:41  SCV  
  19  1:46  Engineering Bay  
  20  1:53  SCV  
  21  2:00  Factory  
  21  2:02  Marine  
  22  2:14  Supply Depot, Orbital Command  
  22  2:24  Missile Turret  
  22  2:28  Marine  
  23  2:41  SCV  
  24  2:50  Starport  
  24  2:51  Widow Mine  
  24  2:53  SCV  
  27  3:02  Marine  
  28  3:05  SCV  
  29  3:20  Marine  
  30  3:28  Starport Reactor  
  30  3:32  SCV, Command Center  
  31  3:44  SCV  
  31  3:48  Liberator x2  
  36  4:14  Widow Mine  
  38  4:27  Starport  
  38  4:29  SCV  
  38  4:30  Fusion Core  
  39  4:35  Liberator  
  39  4:37  Supply Depot  
  39  4:43  Marine  
  43  4:57  SCV  
  44  5:01  Marine  
  44  5:03  Starport Tech Lab  
  44  5:06  Orbital Command  
  45  5:19  Marine  
  44  5:51  Liberator x2  
  42  6:11  Widow Mine  
  42  6:13  Marine  
  45  6:31  Marine  
  46  6:40  Widow Mine, Liberator  
  48  6:49  Marine  
  49  6:55  Advanced Ballistics  
  52  7:06  Liberator  
  52  7:12  Orbital Command  
  54  7:33  Missile Turret  
  54  7:41  SCV  
  55  7:52  Starport  
  55  7:53  SCV  
  53  8:05  SCV  
  54  8:10  Liberator  
  54  8:17  SCV  
  52  8:35  Barracks  
  52  8:36  Barracks  
  52  8:38  Barracks  
  52  8:41  Barracks x2  
  32  9:33  Marine x5, Liberator x2  
  32  9:37  SCV  
  31  9:38  Barracks  
  31  9:41  Barracks  
  31  9:43  Barracks  
  23  9:50  SCV  
  23  9:51  Marine x5  
  34  10:02  SCV  
  35  10:08  Marine  
  35  10:09  Marine x4  
  35  10:11  Marine  
  35  10:14  SCV  
  42  10:26  Marine x3, SCV  
  42  10:27  Marine x2  
  46  10:29  Marine  
  43  10:38  SCV  
  43  10:39  SCV  
  43  10:41  Barracks Reactor x2  
  45  10:44  Barracks Tech Lab  
  43  10:50  SCV  
  43  10:51  SCV  
  45  11:02  SCV  
  45  11:03  SCV  
  47  11:14  SCV  
  47  11:15  SCV  
  49  11:20  Marine x2  
  49  11:21  Marine x3  
  54  11:31  Supply Depot  
  54  11:32  Supply Depot  
  54  11:34  Marine, SCV x2  
  54  11:38  Marine x3  
  54  11:39  Marine x2  
  62  11:51  Supply Depot  
  62  11:52  Marine, Supply Depot  
  62  11:53  SCV x2  
  65  11:56  Marine x5  
  70  12:05  SCV x2  
  69  12:10  Marine  
  69  12:14  Marine x2  
  72  12:16  Barracks Reactor  
  72  12:17  SCV x2  
  72  12:22  Marine x5  
  77  12:26  Supply Depot  
  77  12:27  Barracks Reactor  
  77  12:29  SCV, Supply Depot  
  80  12:30  Barracks Reactor  
  80  12:37  Marine x2  
  80  12:38  Marine  
  80  12:40  Marine x2  
  80  12:41  SCV  
  86  12:54  Marine x2  
  86  12:55  Marine x3  
  86  12:56  Marine  
  86  12:57  Marine x2  
  86  12:58  Marine x2  
  93  13:12  Marine x2  
  95  13:13  Marine x3  
  95  13:14  Marine  
  95  13:15  Marine  
  99  13:20  Marine x4  
  103  13:29  Marine  
  103  13:30  Marine  
  103  13:31  Marine x3  
  105  13:48  Marine x5  
  106  13:49  Marine  
  106  13:56  Marine  
  106  13:57  Marine x2  
  109  14:06  Marine  
  110  14:15  Marine  
  110  14:16  Marine  
  110  14:18  Marine  
  110  14:30  Marine x11  
  121  14:33  Marine  
  121  14:34  Marine  
  121  14:36  Marine  
  124  14:48  Marine x2  
  124  14:51  Marine x2  
Tags
 
Add a new tag
Caveats
  • Supply blocks, unpowered buildings, or Contaminate may cause inaccurate times.
  • Supply counts are checked every 10 seconds.